 Dungeon Crawl Stone Soup version 0.27.1-1-g398f81649c (webtiles) character file.

Game seed: 15901686451924389116

4 VictoriousLee the Caller (level 1, -3/13 HPs)
             Began as a Barachi Summoner on Sept 5, 2021.
             Slain by a quokka (4 damage)
             ... on level 1 of the Dungeon.
             The game lasted 00:02:04 (189 turns).

VictoriousLee the Caller (Barachi Summoner)          Turns: 189, Time: 00:02:04

Health: -3/13      AC:  2    Str:  9    XL:     1   Next: 60%
Magic:  1/3        EV: 12    Int: 15    God:
Gold:   31         SH:  0    Dex: 12    Spells: 3/4 levels left

rFire    . . .     SeeInvis .   d - +0 club
rCold    . . .     Faith    .   (no shield)
rNeg     . . .     Spirit   .   a - +0 robe
rPois    .         Reflect  .   (no helmet)
rElec    .         Harm     .   (no cloak)
rCorr    .         Rampage  .   (no gloves)
Will     .....                  (no boots)
Stlth    ++........             (no amulet)
HPRegen  0.04/turn              (no ring)
MPRegen  0.08/turn              (no ring)

@: slow
A: amphibious, slowness 1, strong legs 1, +LOS
a: Hop


You were on level 1 of the Dungeon.
You visited 1 branch of the dungeon, and saw 1 of its levels.

You collected 31 gold pieces.

Inventory:

Hand Weapons
 d - a +0 club (weapon)
Missiles
 e - 28 arrows
Armour
 a - a +0 robe (worn)
 b - a +0 ring mail
Scrolls
 c - a scroll of amnesia {unknown}
Potions
 f - a potion of haste {unknown}


   Skills:
 - Level 2.1 Dodging
 - Level 1.7 Stealth
 - Level 2.1 Spellcasting
 + Level 5.1 Summonings


You had 3 spell levels left.
You knew the following spells:

 Your Spells              Type           Power      Damage    Failure   Level
a - Summon Small Mammal   Summ           68%        N/A       2%          1

Your spell library contained the following spells:

 Spells                   Type           Power      Damage    Failure   Level
 Call Imp                 Summ           17%        N/A       4%          2
 Call Canine Familiar     Summ           17%        N/A       8%          3
 Summon Guardian Golem    Hex/Summ       9%         N/A       22%         3
 Summon Lightning Spire   Summ/Air       9%         N/A       58%         4


Dungeon Overview and Level Annotations

Branches:
Dungeon (1/15)

Altars:

Shops:
D:1 [


Innate Abilities, Weirdness & Mutations

You are amphibious.
You cover ground slowly.
You can hop short distances.
You have an extended range of vision and can be seen from far away.


Message History

Your quokka bites the hobgoblin.
The hobgoblin dies!
Found a sedimented grey potion.
You see here a hobgoblin corpse.
f - a sedimented grey potion You swap places.
You now have 31 gold pieces (gained 8).
Your quokka disappears in a puff of smoke!
Found a mace.
A quokka comes into view.
Found a dagger.
A goblin comes into view. It is wielding a +0 dagger.
Casting: Summon Small Mammal (safe; 2% risk of failure)
Confirm with . or Enter, or press ? or * to list all spells.
The goblin completely misses you.
Casting: Summon Small Mammal (safe; 2% risk of failure)
Confirm with . or Enter, or press ? or * to list all spells.
Your bat hits the goblin. The goblin hits you with a +0 dagger.
You completely miss the goblin.
The goblin is moderately wounded.
Your bat misses the goblin. Your bat hits the goblin.
Your quokka closely misses the goblin.
The goblin barely misses your bat.
Your bat hits the quokka but does no damage.
You hit the goblin but do no damage.
The goblin is heavily wounded.
Your bat closely misses the goblin.
Your quokka misses the goblin. The goblin misses you.
Your quokka bites the goblin.
The goblin dies!
The quokka bites you.
You hit the quokka but do no damage.
Your bat barely misses the quokka.
The quokka barely misses you.
You barely miss the quokka.
Your bat closely misses the quokka.
Your bat hits the quokka. The quokka bites you.
Your quokka barely misses the quokka.
The quokka bites you.
* * * LOW HITPOINT WARNING * * *
Your quokka barely misses the quokka.
Your quokka completely misses the quokka.
Your bat completely misses the quokka.
Your quokka misses the quokka. The quokka bites you.
You die...

#.# #.. #.# #.# #.# #.# #.#
######.#
################.##.......#
................@rb........
#.###)##########.#.r.######
#.# #.# #.###)#
#.###.##########.###.#
.†.................. .
#####.####.∩...#.## ## #
#..........#.. #
#####......### # #......#


You could see a quokka (ally target), a friendly quokka (summoned) and a
friendly bat (summoned).

Vanquished Creatures (collateral kills)
  A ball python (D:1)
  A giant cockroach (D:1)
  A hobgoblin (D:1)
  3 goblins (D:1)
6 creatures vanquished.

Notes
Turn   | Place    | Note
-------+----------+-------------------------------------------
     0 | D:1      | VictoriousLee the Barachi Summoner began the quest for the
                  | Orb.
     0 | D:1      | Reached XP level 1. HP: 13/13 MP: 3/3
    18 | D:1      | Found Hirugrex's Antique Armour Shop.
   120 | D:1      | Reached skill level 5 in Summonings
   189 | D:1      | Slain by a quokka

Illustrated notes

Levels and vault maps discovered:
D:1:      grunt_arrival_lava_bath, layout_basic, serial_shops, shop

Skill      XL: |  1 |
---------------+----+-----
Summonings     | 5 |  5.1
Dodging        | |  2.1
Stealth        | |  1.7
Spellcasting   | |  2.1

Action                   || total
-------------------------++-------
Melee: Club              ||     8
 Cast: Summon Small Mamm ||     7
Armor: Robe              ||     3
Dodge: Dodged            ||     8
